 Dungeon Crawl Stone Soup version 0.30.1-11-g7821555f0a (webtiles) character file.

Game seed: 7764746068345941027

3628 Peloso the Carver (level 9, -1/81 HPs)
             Began as a Minotaur Fighter on Nov 17, 2023.
             Was a Follower of Okawaru.
             Slain by a yak (11 damage)
             ... on level 7 of the Dungeon.
             The game lasted 00:10:25 (5887 turns).

Peloso the Carver (Minotaur Fighter)                Turns: 5887, Time: 00:10:25

Health: -1/81      AC: 12    Str: 22    XL:     9   Next: 87%
Magic:  0/8        EV:  9    Int:  5    God:    Okawaru [*.....]
Gold:   257        SH:  5    Dex: 13    Spells: 8/8 levels left

rFire   . . .        a - +4 scimitar (heavy)
rCold   . . .        d - +0 buckler
rNeg    . . .        s - +0 chain mail
rPois   .            (helmet restricted)
rElec   .            (no cloak)
rCorr   .            c - +0 pair of gloves
SInv    .            (no boots)
Will    ++...        f - amulet of guardian spirit Stlth
                     m - ring of willpower
HPRegen 0.33/turn    e - ring of willpower
MPRegen 0.11/turn

%: guardian spirit
@: no status effects
A: horns 2, retaliatory headbutt
a: Renounce Religion, Heroism


You were on level 7 of the Dungeon.
You worshipped Okawaru.
Okawaru was aware of your devotion.
You visited 1 branch of the dungeon, and saw 7 of its levels.
You also visited: Ossuary.

You collected 339 gold pieces.
You spent 82 gold pieces at shops.

Inventory:

Hand Weapons
 a - a +4 heavy scimitar (weapon)
 b - a +2 whip of flaming
Armour
 c - a +0 pair of gloves (worn)
 d - a +0 buckler (worn)
 s - a +0 chain mail (worn)
Jewellery
 e - a ring of willpower (right hand)
 f - an amulet of guardian spirit (around neck)
 m - a ring of willpower (left hand)
 r - a ring of protection from fire
 z - a +6 ring of strength
 C - an amulet of magic regeneration
 D - a ring of willpower
Wands
 n - a wand of iceblast (10)
Scrolls
 i - a scroll of summoning
 j - a scroll of teleportation
 o - a scroll of fear
 q - a scroll of brand weapon
 u - 3 scrolls of magic mapping
 w - a scroll of amnesia
 x - 2 scrolls of fog
 y - a scroll of immolation
Potions
 g - a potion of berserk rage
 h - 4 potions of mutation
 k - 8 potions of curing
 l - a potion of magic {unknown}
 p - a potion of might
 t - 3 potions of heal wounds {unknown}
 v - 2 potions of degeneration {unknown}
 A - a potion of lignification {unknown}
 B - a potion of flight {unknown}


   Skills:
 + Level 7.9 Fighting
 + Level 11.4 Long Blades
 + Level 8.1 Armour
 + Level 3.9 Dodging
 + Level 0.8 Stealth
 + Level 6.8 Shields
 + Level 0.9 Evocations


You had 8 spell levels left.
You didn't know any spells.
Your spell library contained the following spells:

 Spells                   Type           Power      Damage    Failure   Level
 Magic Dart               Conj           0%         1d3       97%         1
 Lesser Beckoning         Tloc           0%         N/A       99%         2
 Scorch                   Fire           0%         2d5       99%         2
 Searing Ray              Conj           0%         2d4       99%         2
 Gell's Gravitas          Tloc           0%         N/A       100%        3
 Teleport Other           Tloc           0%         N/A       100%        3
 Flame Wave               Conj/Fire      0%         2d4       100%        4
 Fulminant Prism          Conj/Hex       0%         3d5       100%        4
 Borgnjor's Revivificati  Necr           0%         N/A       100%        8
 Necromutation            Tmut/Necr      0%         N/A       100%        8
 Death's Door             Necr           0%         N/A       100%        9
 Summon Cactus Giant      Summ           Unusable   N/A       N/A         6

Dungeon Overview and Level Annotations

Branches:
Dungeon (7/15)             Temple (0/1) D:7         Ossuary (visited)

Altars:
Cheibriados
Elyvilon
Fedhas
Hepliaklqana
Okawaru
Qazlal
Ru
Sif Muna
Trog
Wu Jian
Yredelemnul

Shops:
D:2 (   D:6 *   D:7 *


Innate Abilities, Weirdness & Mutations

You have a pair of horns on your head.
You reflexively headbutt those who attack you in melee.


Message History

You slash the yak!
The yak is almost dead.
The yak barely misses you. You furiously retaliate!
You headbutt the yak. You closely miss the yak.
The yak is almost dead.
You slice the yak!! You headbutt the yak.
The yak is almost dead.
You block the yak's attack. The yak closely misses you. x2
You block the yak's attack.
You slash the yak!
You kill the yak!
Okawaru accepts your kill. You block the yak's attack.
Your Armour skill increases to level 8!
You hit the yak. You headbutt the yak, but do no damage.
The yak is lightly wounded.
The yak closely misses you. x2; You furiously retaliate!
You headbutt the yak.
Unknown command.
You slice the yak!!
You kill the yak!
Okawaru accepts your kill.
You can now gain great but temporary skills.
The yak closely misses you.
Unknown command.
You closely miss the yak.
The yak is moderately wounded.
You slice the yak!!
The yak is heavily wounded.
The yak gores you! You block the yak's attack. x2
The yak gores you but does no damage.
You slash the yak! You headbutt the yak.
The yak is almost dead.
The yak gores you!
* * * LOW HITPOINT WARNING * * *
The yak gores you!
* * * LOW HITPOINT WARNING * * *
You barely miss the yak.
The yak is almost dead.
The yak gores you!
You die...

.....#....'....#
#....
....######....##
#....
#.............#
#####
#.............#
#.......?.....#
#.............#
####.............#
........##########
.......@YKK..#
.......Y#KK..#
........#....#
.#####+##...##
#)..#
......'Y.......
......#........
.....##...##...
..... #...# ...


You could see 2 yaks and 4 kobolds.

Vanquished Creatures
  Pikel (D:5)
  Grinder (D:4)
  Sigmund (D:6)
  3 yaks (D:7)
  Edmund (D:6)
  3 water moccasins
  An ogre (D:4)
  An ice beast (D:6)
  A centaur (D:6)
  A phantom (D:7)
  2 kobold brigands
  5 elf zombies (Ossuary)
  Blork the orc (D:6)
  3 scorpions
  A vampire bat (D:4)
  3 centaur zombies (Ossuary)
  2 orc priests
  A jelly (D:6)
  3 hounds
  4 human zombies (Ossuary)
  A sleepcap (D:7)
  2 orc wizards
  3 iguanas
  3 mummies (Ossuary)
  11 adders
  4 gnolls (D:3)
  A white imp (D:6)
  2 worms
  2 dart slugs (D:3)
  17 orcs
  8 endoplasms
  5 giant cockroaches
  7 goblins
  9 hobgoblins
  7 jackals (D:3)
  6 quokkas
  4 ball pythons
  12 bats
  2 frilled lizards
  10 kobolds
  2 quokka zombies (D:6)
  5 rats
162 creatures vanquished.

Notes
Turn   | Place    | Note
-------+----------+-------------------------------------------
     0 | D:1      | Peloso the Minotaur Fighter began the quest for the Orb.
     0 | D:1      | Reached XP level 1. HP: 19/19 MP: 0/0
   281 | D:1      | Reached XP level 2. HP: 19/27 MP: 1/1
   881 | D:2      | Found Kypreduxt's Weapon Emporium.
  1034 | D:2      | Reached skill level 3 in Long Blades
  1043 | D:2      | Reached XP level 3. HP: 33/33 MP: 2/2
  1279 | D:2      | Found a faded altar of an unknown god.
  1629 | D:3      | Reached XP level 4. HP: 35/41 MP: 3/3
  1898 | D:3      | Reached skill level 4 in Long Blades
  1898 | D:3      | Reached XP level 5. HP: 17/47 MP: 4/4
  2362 | D:3      | Reached skill level 5 in Armour
  2673 | D:4      | Reached skill level 1 in Dodging
  2738 | D:4      | Noticed an ogre
  2742 | D:4      | Killed an ogre
  2743 | D:4      | Reached skill level 5 in Fighting
  2743 | D:4      | Reached skill level 5 in Long Blades
  2743 | D:4      | Reached XP level 6. HP: 56/56 MP: 5/5
  3104 | D:4      | Noticed a water moccasin
  3131 | D:4      | Reached XP level 7. HP: 54/61 MP: 4/6
  3177 | D:4      | Reached skill level 6 in Long Blades
  3428 | D:4      | Noticed Grinder
  3438 | D:4      | Killed Grinder
  3439 | D:4      | Reached skill level 5 in Shields
  3498 | D:5      | Entered Level 5 of the Dungeon
  3602 | D:5      | Reached skill level 7 in Long Blades
  3602 | D:5      | Reached XP level 8. HP: 70/70 MP: 7/7
  3628 | D:5      | Noticed Pikel
  3659 | D:5      | Killed Pikel
  3660 | D:5      | Reached skill level 8 in Long Blades
  4152 | D:6      | Found a sand-covered staircase.
  4174 | Ossuary  | Entered an ossuary
  4208 | Ossuary  | Reached skill level 9 in Long Blades
  4375 | Ossuary  | Reached XP level 9. HP: 71/78 MP: 6/8
  4602 | D:6      | Reached skill level 10 in Long Blades
  4698 | D:6      | Noticed Blork the orc
  4707 | D:6      | Killed Blork the orc
  4905 | D:6      | Noticed Edmund
  4921 | D:6      | Killed Edmund
  5036 | D:6      | Found Igrewu's Serpentskin Sales.
  5258 | D:6      | Noticed Sigmund
  5266 | D:6      | Killed Sigmund
  5460 | D:6      | Found a snail-covered altar of Cheibriados.
  5461 | D:6      | Found a hazy altar of Hepliaklqana.
  5466 | D:6      | Found a white marble altar of Elyvilon.
  5468 | D:6      | Found a sacrificial altar of Ru.
  5468 | D:6      | Found a bloodstained altar of Trog.
  5468 | D:6      | Found a stormy altar of Qazlal.
  5468 | D:6      | Found a shimmering blue altar of Sif Muna.
  5470 | D:6      | Found a basalt altar of Yredelemnul.
  5471 | D:6      | Found a blossoming altar of Fedhas.
  5472 | D:6      | Found an ornate altar of the Wu Jian Council.
  5477 | D:6      | Found an iron altar of Okawaru.
  5483 | D:6      | Became a worshipper of Warmaster Okawaru
  5645 | D:7      | Reached skill level 11 in Long Blades
  5674 | D:7      | Found a staircase to the Ecumenical Temple.
  5748 | D:7      | Found Siz Gora's General Store.
  5757 | D:7      | Bought a scroll of magic mapping for 82 gold pieces
  5883 | D:7      | Reached * piety under Okawaru
  5887 | D:7      | Slain by a yak

Illustrated notes

Levels and vault maps discovered:
D:1:      nicolae_arrival_somewhat_less_tricky_arrival, layout_loops_ring,
          minmay_misc_feat_alley
D:2:      layout_basic, serial_glass, glass_columns_b, glass_columns_c,
          glass_columns_c, glass_columns_b, glass_columns_c, glass_columns_a,
          glass_columns_a, glass_columns_a, serial_shops, shop,
          shapermc_ecumenical_altar_mp_highgroup
D:3:      layout_loops_ring
D:4:      minmay_clustersquares, layout_basic, roderic_batcave, uniq_grinder
D:5:      layout_rooms, uniq_pikel
D:6:      layout_loops_corners, minitemple, enter_ossuary_4,
          guppyfry_shop_venom, uniq_sigmund, uniq_edmund, uniq_blork_the_orc
D:7:      layout_gridville, minmay_temple_entry_overgrown, serial_shops, shop

Skill      XL: |  1  2  3  4  5  6  7  8  9 |
---------------+----------------------------+-----
Fighting       | 4 5 6 7 |  7.9
Armour         | 4 5 6 7 8 |  8.1
Long Blades    | 3 4 5 7 9 11 | 11.4
Shields        | 4 5 6 |  6.8
Dodging        | 1 2 3 |  3.9
Stealth        | |  0.8
Evocations     | |  0.9

Action                     |  1- 3 |  4- 6 |  7- 9 || total
---------------------------+-------+-------+-------++-------
  Melee: Long sword        |    72 |   134 |   271 ||   477
         Headbutt          |    12 |    28 |    73 ||   113
         Scimitar          |       |       |    73 ||    73
  Evoke: Wand              |       |     2 |     2 ||     4
    Use: Scroll            |     2 |       |    10 ||    12
         Potion            |     2 |       |       ||     2
 Armour: Scale mail        |    28 |    44 |       ||    72
         Chain mail        |       |    32 |   158 ||   190
  Dodge: Dodged            |    26 |    82 |   109 ||   217
  Block: Buckler           |    21 |    40 |    82 ||   143
